 Dungeon Crawl Stone Soup version 0.21-a0-338-g36cf2fc (webtiles) character file.

795 NormalPerson7 the Conjurer (level 7, -3/41 HPs)
             Began as an Octopode Wizard on Oct 3, 2017.
             Was an Initiate of Yredelemnul.
             Shot with an arrow by a centaur (12 damage)
             ... on level 6 of the Dungeon.
             The game lasted 00:22:54 (8309 turns).

NormalPerson7 the Conjurer (Octopode Wizard)        Turns: 8309, Time: 00:22:55

Health: -3/41      AC:  1    Str:  6    XL:     7   Next: 89%
Magic:  9/12       EV: 13    Int: 23    God:    Yredelemnul [......]
Gold:   72         SH:  0    Dex: 10    Spells: 2/13 levels left

rFire    . . .     SeeInvis .   k - +4 short sword (elec)
rCold    . . .     Gourm    .   (no shield)
rNeg     . . .     Faith    .   a - +0 hat
rPois    +         Spirit   .   (no amulet)
rElec    .         Reflect  .   P - ring of poison resistance
rCorr    .         Harm     .   (no ring)
MR       .....                  (no ring)
Stlth    +++.......             (no ring)
HPRegen  0.13/turn              (no ring)
MPRegen  0.13/turn              (no ring)
                                (no ring)
                                (no ring)

@: no status effects
A: almost no armour, stealthy swim, amphibious, 8 rings, constrict 8, camouflage
1, gelatinous body 1
a: Renounce Religion


You were on level 6 of the Dungeon.
You worshipped Yredelemnul.
Yredelemnul was noncommittal.
You were not hungry.

You visited 1 branch of the dungeon, and saw 10 of its levels.

You collected 252 gold pieces.
You spent 180 gold pieces at shops.

Inventory:

Hand Weapons
 k - a +4 short sword of electrocution (weapon)
 m - a +0 fustibalus
 p - a +0 spear
Missiles
 d - 206 stones (quivered)
Armour
 a - a +0 hat (worn)
Jewellery
 P - a ring of poison resistance (left tentacle)
Wands
 g - a wand of lightning (3/15)
 y - a wand of acid (13/15)
Scrolls
 i - 3 scrolls of blinking {unknown}
 r - 3 scrolls of remove curse
 t - a scroll of teleportation
Potions
 e - 2 potions of might
 f - a potion of invisibility
 h - a potion of ambrosia
 l - a potion of heal wounds {unknown}
 o - 2 potions of flight
 s - a potion of mutation {unknown}
 u - 4 potions of curing
 v - a potion of lignification {unknown}
Books
 b - a book of Minor Magic

   Spells                             Type                      Level
   a - Magic Dart                     Conjuration                  1
   b - Blink                          Translocation                2
   c - Call Imp                       Summoning                    2
   d - Slow                           Hexes                        2
   e - Conjure Flame                  Conjuration/Fire             3
   f - Mephitic Cloud                 Conjuration/Poison/Air       3
Comestibles
 c - 3 bread rations
 j - 2 meat rations
 w - 3 fruits


   Skills:
 - Level 2.0 Dodging
 - Level 2.6 Stealth
 - Level 3.7 Spellcasting
 * Level 6.4 Conjurations
 + Level 1.8 Summonings
 + Level 1.8 Translocations
 - Level 2.1 Fire Magic
 - Level 2.1 Air Magic
 - Level 2.0 Poison Magic
 + Level 1.4 Invocations


You had 2 spell levels left.
You knew the following spells:

 Your Spells              Type           Power        Failure   Level  Hunger
a - Magic Dart            Conj           ####         1%          1    None
c - Mephitic Cloud        Conj/Pois/Air  ###.....     8%          3    ###....
e - Conjure Flame         Conj/Fire      ###.....     5%          3    ###....
i - Call Imp              Summ           ##......     8%          2    #......
X - Blink                 Tloc           N/A          8%          2    #......


Dungeon Overview and Level Annotations

Branches:
Dungeon (10/15)
 Temple: D:4-7         Lair: D:8-11         Orc: D:9-12

Altars:
Fedhas
Hepliaklqana
Makhleb
Ru
Yredelemnul
Zin
The Shining One

Annotations:
D:3 exclusion: oklob plant
D:8 Joseph


Innate Abilities, Weirdness & Mutations

You cannot wear most types of armour.
You are very stealthy in the water. (Stealth+)
You are amphibious.
You can wear up to eight rings at the same time.
You can use your tentacles to constrict eight enemies at once.
Your skin changes colour to match your surroundings (Stealth+).
Your rubbery body absorbs attacks. (AC +1, EV +1)


Message History

You see here an arrow.
Casting: Call Imp
Confirm with . or Enter, or press ? or * to list all spells.
You don't know that spell.
Adjust (i)tems, (s)pells, or (a)bilities?
Adjust which spell? b - Mephitic Cloud Adjust to which letter? c - Mephitic Cloud
Casting: Call Imp
Confirm with . or Enter, or press ? or * to list all spells.
Aiming: Mephitic Cloud
Press: ? - help, Shift-Dir - straight line The ball explodes into a vile cloud!
The stinking cloud engulfs the centaur.
The centaur shoots an arrow.
The arrow hits you!
The centaur shoots an arrow.
The arrow hits you!!
* * * LOW HITPOINT WARNING * * *
The centaur shoots an arrow.
The arrow hits you!
You die...
Your body rises from the dead as a mindless zombie.

#.# ##.## #5#
#.###.#.###.#
#.##.###.##.# #.#.##
##)..# #.##.###.####
####.#.......#
##.##.#.......#
#.#....(......#####
.##...#....§§§(.@.#
..#........§§§#...#
##.##.#....c..#...####
#o####......?.......#
#.# ###............#
##.# #c.#...>.....#
##.# #..#......#.##
...######.c#.##...#.#
#..<.......#.##...#.#
##


You could see a centaur.

Vanquished Creatures
  2 ice beasts (D:5)
  A sky beast (D:4)
  A scorpion (D:4)
  A crimson imp (D:6)
  A centaur zombie (D:5)
  Jessica (D:3)
  An iguana (D:4)
  4 worker ants
  A hound skeleton (D:4)
  4 adders
  An ooze (D:4)
  2 worms (D:5)
  2 dart slugs
  4 leopard geckos
  5 orcs
  8 bats
  2 giant cockroaches
  15 goblins
  4 hobgoblins
  2 quokkas
  2 ball pythons (D:4)
  2 frilled lizards (D:2)
  4 kobolds
  A leopard gecko zombie (D:6)
  A quokka skeleton (D:4)
  6 rats
78 creatures vanquished.

Vanquished Creatures (collateral kills)
  An ogre (D:6)
  A bullfrog (D:6)
  Crazy Yiuf (D:2)
  2 iguanas
  A worker ant (D:4)
  The ghost of p0werm0de the Insei, a weakling KoCK of Xom (D:3)
  Robin (D:2)
  An adder (D:5)
  A worm (D:2)
  A dart slug (D:3)
  4 goblins
  A hobgoblin (D:1)
  2 jackals (D:1)
  2 kobolds
20 creatures vanquished.

Vanquished Creatures (others)
  A quokka zombie (D:5)
1 creature vanquished.

Grand Total: 99 creatures vanquished

Notes
Turn   | Place    | Note
-------+----------+-------------------------------------------
     0 | D:1      | NormalPerson7 the Octopode Wizard began the quest for the Orb.
     0 | D:1      | Reached XP level 1. HP: 11/11 MP: 4/4
   317 | D:1      | Reached XP level 2. HP: 16/17 MP: 1/6
   483 | D:1      | Learned a level 2 spell: Call Imp
   594 | D:1      | Reached skill level 2 in Conjurations
  1203 | D:1      | Reached XP level 3. HP: 21/21 MP: 4/7
  1570 | D:2      | Noticed a killer bee
  1844 | D:2      | Learned a level 3 spell: Conjure Flame
  1972 | D:2      | Noticed Robin
  2027 | D:2      | Killed Robin
  2189 | D:2      | Reached skill level 3 in Conjurations
  2260 | D:2      | Found a runed door.
  2264 | D:2      | Noticed Crazy Yiuf
  2316 | D:2      | Killed Crazy Yiuf
  2316 | D:2      | Reached XP level 4. HP: 27/27 MP: 0/9
  2568 | D:2      | Found a sacrificial altar of Ru.
  2856 | D:3      | Learned a level 3 spell: Mephitic Cloud
  2920 | D:3      | Found a basalt altar of Yredelemnul.
  2953 | D:3      | Noticed p0werm0de's ghost (weakling KoCK)
  2953 | D:3      | Became a worshipper of Yredelemnul the Dark
  3045 | D:3      | Killed p0werm0de's ghost
  3203 | D:3      | Reached XP level 5. HP: 31/31 MP: 10/10
  3293 | D:3      | Noticed Jessica
  3319 | D:3      | Killed Jessica
  3319 | D:3      | Reached skill level 1 in Poison Magic
  3665 | D:3      | Found a blossoming altar of Fedhas.
  3925 | D:3      | Noticed an oklob plant
  4021 | D:4      | Reached skill level 4 in Conjurations
  4021 | D:4      | Reached skill level 1 in Fire Magic
  4083 | D:4      | Learned a level 2 spell: Blink
  4138 | D:4      | Reached skill level 1 in Air Magic
  4154 | D:4      | Reached XP level 6. HP: 23/36 MP: 11/11
  4782 | D:4      | Found a hazy altar of Hepliaklqana.
  4855 | D:4      | Noticed a sky beast
  4876 | D:4      | Killed a sky beast
  4876 | D:4      | Reached skill level 5 in Conjurations
  4966 | D:5      | Entered Level 5 of the Dungeon
  4980 | D:5      | Found a glowing golden altar of the Shining One.
  4980 | D:5      | Found a burning altar of Makhleb.
  5335 | D:5      | Reached XP level 7. HP: 41/41 MP: 12/12
  5776 | D:6      | Reached skill level 6 in Conjurations
  5960 | D:6      | Reached * piety under Yredelemnul
  6044 | D:6      | You fall through a shaft for 3 floors!
  6051 | D:10     | Entered Level 10 of the Dungeon
  6061 | D:9      | Found Zin's Purification Station.
  6066 | D:9      | Found a glowing silver altar of Zin.
  6069 | D:9      | Bought 2 potions of curing for 180 gold pieces
  6119 | D:8      | Noticed Joseph
  7349 | D:5      | Reached skill level 1 in Invocations
  8309 | D:6      | Shot with an arrow by a centaur

Vault maps used:
D:1:      dpeg_arrival_solitude, dk_noncrumbling_4
D:2:      lemuel_crystal_altar, first_bread, lightli_corner_chamber,
          uniq_crazy_yiuf_cottage, uniq_robin
D:3:      tgw_fedhas, lemuel_crystal_altar, uniq_jessica
D:4:      lemuel_round_altar
D:5:      gammafunk_temple_overflow_elements
D:6:      cheibrodos_sewer_entry_bend, kennysheep_generic_room_11
D:7:      minmay_temple_entry_statues, uniq_menkaure
D:8:      uniq_joseph
D:9:      elyvilon_altar_1, zin_purify, grunt_lair_entry_orc_guard_hut,
          erik_orc_1, serial_column_ruins, column_ruins_circle_small,
          column_ruins_hut_pillars, column_ruins_grid_3, column_ruins_grid_1,
          column_ruins_open_small, column_ruins_open_tiny, column_ruins_grid_3,
          column_ruins_open_large, hangedman_pestilent_swarm, uniq_erolcha
D:10:     minmay_quarter_circles, basic_altar, minivault_16

Skill      XL: |  1  2  3  4  5  6  7 |
---------------+----------------------+-----
Conjurations   | 2 3 4 5 6 |  6.4
Poison Magic   | 1 2 |  2.0
Fire Magic     | 1 2 |  2.1
Air Magic      | 1 2 |  2.1
Invocations    | 1 |  1.4
Dodging        | |  2.0
Stealth        | |  2.6
Spellcasting   | |  3.7
Summonings     | |  1.8
Translocations | |  1.8

Action                   |  1- 3 |  4- 6 |  7- 9 || total
-------------------------+-------+-------+-------++-------
Melee: Short sword       |    10 |    74 |    26 ||   110
       Spear             |     7 |       |    53 ||    60
       Constrict         |     5 |    12 |     5 ||    22
       Tentacles         |     3 |     6 |     2 ||    11
 Cast: Magic Dart        |    57 |    14 |    18 ||    89
       Call Imp          |    16 |    14 |    26 ||    56
       Conjure Flame     |       |     1 |     9 ||    10
       Mephitic Cloud    |       |       |     3 ||     3
Invok: Animate Remains   |       |       |     1 ||     1
  Use: Scroll            |       |       |    19 ||    19
       Potion            |       |       |     1 ||     1
 Stab: Sleeping          |       |    14 |     1 ||    15
       Distracted        |       |     1 |       ||     1
  Eat: Chunk             |     4 |     8 |     1 ||    13
       Royal jelly       |       |     1 |     5 ||     6
Armor: Skin              |     3 |     1 |       ||     4
Dodge: Dodged            |    15 |    45 |    32 ||    92

Table legend:
 A = Spawn XP
 B = Non-spawn XP
 C = Spawn XP percentage of total XP
 D = Spawn monster count
 E = Non-spawn monster count
 F = Spawn count percentage of total count
 G = Total turns spent on level
                    A         B        C        D         E        F      G
               +---------+---------+-------+---------+---------+-------+---------
         Total |       0 |    1136 |   0.0 |       0 |      98 |   0.0 |  8309
               +---------+---------+-------+---------+---------+-------+---------
           D:1 |       0 |      36 |   0.0 |       0 |      22 |   0.0 |  1353
           D:2 |       0 |      91 |   0.0 |       0 |      25 |   0.0 |  1491
           D:3 |       0 |     100 |   0.0 |       0 |      18 |   0.0 |  1126
           D:4 |       0 |     362 |   0.0 |       0 |      15 |   0.0 |  1084
           D:5 |       0 |     293 |   0.0 |       0 |      10 |   0.0 |  2088
           D:6 |       0 |     254 |   0.0 |       0 |       8 |   0.0 |   700
               +---------+---------+-------+---------+---------+-------+---------
